 Dungeon Crawl Stone Soup version 0.27.1 (webtiles) character file.

Game seed: 15364798065381534693

136 Atelerd the Digger (level 5, -6/46 HPs)
             Began as an Octopode Earth Elementalist on Sept 1, 2021.
             Killed by divine providence
             ... invoked by an orc priest
              (8 damage)
             ... on level 3 of the Dungeon.
             The game lasted 00:06:34 (3511 turns).

Atelerd the Digger (Octopode Earth Elementalist)    Turns: 3511, Time: 00:06:35

Health: -6/46      AC: 22    Str:  7    XL:     5   Next: 19%
Magic:  0/9        EV:  2    Int: 18    God:
Gold:   55         SH:  0    Dex: 13    Spells: 9/10 levels left

rFire    . . .     SeeInvis .   a - +0 dagger
rCold    . . .     Faith    .   (no shield)
rNeg     + + +     Spirit   .   (helmet currently unavailable)
rPois    +         Reflect  .   (no amulet)
rElec    .         Harm     .   e - ring of positive energy
rCorr    .         Rampage  .   (no ring)
Will     .....     NoTele   +   (no ring)
Stlth    ++........             (no ring)
HPRegen  0.15/turn              (no ring)
MPRegen  0.11/turn              (no ring)
                                (no ring)
                                (no ring)

@: mighty, brilliant, tree-form
A: stationary, stasis, torment immunity, boosted hp, almost no armour,
(amphibious), 8 rings, (camouflage 1), (gelatinous body 1), (nimble swimmer 1),
(tentacles)
a: no special abilities


You were on level 3 of the Dungeon.
You were a tree.
You visited 1 branch of the dungeon, and saw 3 of its levels.

You collected 134 gold pieces.
You spent 79 gold pieces at shops.

Inventory:

Hand Weapons
 a - a +0 dagger (weapon)
Missiles
 b - 98 stones
Jewellery
 e - a ring of positive energy (left branch)
 o - an amulet of faith
Scrolls
 g - 3 scrolls of identify {unknown}
 h - a scroll of magic mapping {unknown}
 k - 3 scrolls of teleportation {unknown}
 m - 2 scrolls of amnesia {unknown}
 n - a scroll of fog {unknown}
Potions
 d - a potion of experience {unknown}
 p - a potion of resistance {unknown}


   Skills:
 - Level 2.0 Dodging
 - Level 2.6 Stealth
 + Level 3.2 Spellcasting
 + Level 2.7 Transmutations
 + Level 4.1 Earth Magic


You had 9 spell levels left.
You knew the following spells:

 Your Spells              Type           Power      Damage    Failure   Level
a - Sandblast             Erth           52%        2d12      3%          1

Your spell library contained the following spells:

 Spells                   Type           Power      Damage    Failure   Level
 Passwall                 Tmut/Erth      18%        N/A       6%          2
 Magic Dart               Conj           16%        1d3       16%         1
 Stone Arrow              Conj/Erth      30%        3d8       21%         3
 Blink                    Tloc           N/A        N/A       24%         2
 Call Imp                 Summ           4%         N/A       24%         2
 Ensorcelled Hibernation  Hex/Ice        8%         N/A       24%         2
 Spider Form              Tmut/Pois      5%         N/A       26%         3
 Petrify                  Tmut/Erth      22%        N/A       36%         4
 Mephitic Cloud           Conj/Pois/Air  4%         N/A       43%         3
 Manifold Assault         Tloc           4%         N/A       99%         5
 Shadow Creatures         Summ           N/A        N/A       100%        6
 Storm Form               Tmut/Air       5%         N/A       100%        7


Dungeon Overview and Level Annotations

Branches:
Dungeon (3/15)

Altars:
Zin
Beogh

Shops:
D:1 *


Innate Abilities, Weirdness & Mutations

You are a tree.
Your roots penetrate the ground, keeping you stationary.
You cannot be teleported.
You are immune to unholy pain and torment.
Your maximum health is greatly increased.
You cannot wear most types of armour.
((You are amphibious.))
You can wear up to eight rings at the same time.
((Your skin changes colour to match your surroundings (Stealth+).))
((Your rubbery body absorbs attacks. (AC +1, EV +1)))
((You are camouflaged near water. (Stealth+)))
((You have tentacles for arms and can constrict up to eight enemies at once.))


Message History

Unknown command.
Unknown command.
Casting: Sandblast (safe; 3% risk of failure)
Confirm with . or Enter, or press ? or * to list all spells.
Okay, then.
Sorry, you're not good enough to have a special ability.
Unknown command.
It was a potion of lignification.
You turn into a tree.
Your roots penetrate the ground.
You lose your grip on the orc priest.
The orc priest hits you but does no damage.
You closely miss the orc priest.
The orc priest is severely wounded.
The orc priest hits you but does no damage.
Unknown command.
Casting: Sandblast (safe; 3% risk of failure)
Confirm with . or Enter, or press ? or * to list all spells.
Aiming: Sandblast (safe; 3% risk of failure)
Press: ? - help, Shift-Dir - straight line, f/p - orc priest
Aim: an orc priest, wielding a +0 flail and wearing a +0 leather armour (severely wounded, 79% to hit)
The blast of sand misses the orc priest.
The orc priest mumbles some strange prayers to Beogh against you.
Beogh smites you!
* * * LOW HITPOINT WARNING * * *
You hit the orc priest but do no damage.
The orc priest is severely wounded.
The orc priest hits you with a +0 flail.
* * * LOW HITPOINT WARNING * * *
Unknown command.
Unknown command.
It was a potion of brilliance.
You feel clever all of a sudden.
The orc priest hits you but does no damage.
It was a potion of might.
You feel very mighty all of a sudden.
The orc priest hits you but does no damage.
You hit the orc priest but do no damage.
The orc priest is severely wounded.
The orc priest invokes the aid of Beogh against you.
Beogh smites you!
You die...

#..###.###....#####.#.#.# #
#..##...###.#.# ###.#.#.# #
#.....#.....#.###...#.#.####
##.##...###.#.##..#...#.#...
#.##...###......###)...#.##
#....#.......##..#..####...
####...#####.###...#.......
##.######..###..#.##....
#.##.o♣................
#.##.####.###.#####...#
#.##.# #.# #.# ##.## #.##.#
#.# #.# #.# #.##.# #.# #.#
#.# #.##o# #.###.######.#
#.##.####.........##.#
#...o#........###.##.#
#.##'########## #.##.#


You could see an orc priest.

Vanquished Creatures
  Jessica (D:2)
  An orc wizard (D:3)
  An adder (D:3)
  A worm (D:2)
  3 dart slugs
  2 orcs (D:3)
  6 ball pythons
  6 bats
  8 endoplasms
  A giant cockroach (D:1)
  6 goblins
  4 hobgoblins
  7 kobolds
  3 quokkas
  2 frilled lizards
  12 rats
64 creatures vanquished.

Notes
Turn   | Place    | Note
-------+----------+-------------------------------------------
     0 | D:1      | Atelerd the Octopode Earth Elementalist began the quest for
                  | the Orb.
     0 | D:1      | Reached XP level 1. HP: 11/11 MP: 3/3
   697 | D:1      | Reached XP level 2. HP: 16/17 MP: 3/5
  1200 | D:1      | Found Xinudwaa's Assorted Antiques.
  1247 | D:1      | Bought a bubbling orange potion for 15 gold pieces
  1254 | D:1      | Reached XP level 3. HP: 21/21 MP: 1/6
  1463 | D:1      | You fall into a shaft and drop 1 floor!
  1972 | D:2      | Noticed Jessica
  1981 | D:2      | Killed Jessica
  1982 | D:2      | Reached XP level 4. HP: 20/27 MP: 5/8
  2339 | D:1      | Bought a smoky silvery potion for 15 gold pieces
  2339 | D:1      | Bought a bubbling emerald potion for 15 gold pieces
  2417 | D:1      | Found a faded altar of an unknown god.
  2624 | D:1      | Bought a scroll labelled SICHEC WIWO for 17 gold pieces
  3228 | D:3      | Reached skill level 4 in Earth Magic
  3288 | D:1      | Bought a scroll labelled WEATIHIDDUMM for 17 gold pieces
  3347 | D:3      | Found a glowing silver altar of Zin.
  3496 | D:3      | Reached XP level 5. HP: 22/31 MP: 1/9
  3500 | D:3      | HP: 1/31 [orc priest/divine providence (12)]
  3508 | D:3      | HP: 1/46 [orc priest (4)]
  3511 | D:3      | Killed from afar by an orc priest

Illustrated notes

Levels and vault maps discovered:
D:1:      dpeg_arrival_ratfight, layout_basic,
          hellmonk_ecumenical_altar_leap_of_faith, serial_shops, shop,
          minmay_misc_feat_more_columns
D:2:      layout_loops_ring, chequers_serial_rivers_room_a, uniq_jessica
D:3:      layout_loops_ring, pf_just_have_faith, minmay_misc_feat_room,
          kennysheep_orc_chapel, uniq_crazy_yiuf_cottage

Skill      XL: |  1  2  3  4 |
---------------+-------------+-----
Transmutations | 2 |  2.7
Spellcasting   | 3 |  3.2
Earth Magic    | 4 |  4.1
Dodging        | |  2.0
Stealth        | |  2.6

Action                   |  1- 3 |  4- 6 || total
-------------------------+-------+-------++-------
Melee: Unarmed           |    23 |       ||    23
       Constrict         |    18 |    14 ||    32
       Tentacles         |    10 |     8 ||    18
       Dagger            |    50 |    58 ||   108
 Cast: Sandblast         |    21 |    13 ||    34
  Use: Potion            |       |     5 ||     5
 Stab: Sleeping          |     9 |     8 ||    17
       Distracted        |     1 |       ||     1
Armor: Skin              |     5 |     8 ||    13
Dodge: Dodged            |    45 |    35 ||    80
